Map: Acid Plant LE

Players

liquidthermy (uThermal)

  • Race: Terran Terran
  • League: Master
  • Spawn Location: 5:00

Zest - Winner!

  • Race: Protoss Protoss
  • League: Master
  • Spawn Location: 11:00

Event: HomeStory Cup XVIII

VOD

Have the link to the VOD?

Description

Time

  • Played on: Nov. 25, 2018, 10:41 a.m.
  • Length: 8:39

All games in this series

Show
View Real Time Build Order
Export as new Build Order

liquidthermy Terran 

Build Orders: Cyclone Opening 

Get SALT Encoding   

  12  0:01  SCV  
  13  0:13  SCV  
  14  0:17  Supply Depot  
  14  0:25  SCV  
  15  0:38  Barracks  
  15  0:41  Refinery  
  15  0:45  SCV  
  16  0:57  SCV  
  16  0:59  Refinery  
  17  1:10  SCV  
  18  1:22  SCV  
  19  1:26  Reaper  
  20  1:34  Orbital Command  
  20  1:37  Supply Depot  
  20  1:45  Factory  
  20  1:55  Bunker  
  20  1:59  Reaper  
  21  2:02  SCV  
  22  2:14  SCV  
  22  2:27  SCV  
  23  2:30  Factory Tech Lab  
  22  2:40  Command Center, SCV  
  23  2:49  Cyclone  
  26  2:52  SCV  
  27  2:59  Supply Depot  
  27  3:04  SCV  
  28  3:07  Barracks  
  28  3:16  Barracks  
  28  3:18  SCV  
  32  3:27  Siege Tank  
  32  3:30  SCV  
  33  3:42  SCV  
  33  3:46  Starport  
  34  3:52  Orbital Command  
  34  3:54  SCV  
  35  3:56  Barracks Reactor  
  35  4:01  Barracks Tech Lab  
  35  4:04  Barracks Tech Lab  
  35  4:06  SCV  
  35  4:08  Siege Tank  
  39  4:15  Engineering Bay  
  39  4:17  SCV  
  39  4:19  SCV  
  39  4:22  Marine  
  42  4:25  Stimpack  
  42  4:29  SCV  
  42  4:31  Marine, SCV  
  43  4:33  Marine  
  43  4:37  Starport Reactor  
  43  4:38  Refinery  
  46  4:42  SCV  
  46  4:44  Marine  
  46  4:45  Supply Depot, Marine  
  49  4:48  SCV  
  49  4:51  Marine  
  51  4:54  Marine  
  51  4:57  Terran Infantry Weapons Level 1, SCV  
  53  5:02  Marine  
  53  5:06  Marine, SCV  
  56  5:07  Supply Depot  
  56  5:10  Combat Shield, SCV  
  56  5:12  Marine  
  58  5:18  Refinery  
  58  5:19  SCV  
  58  5:20  Supply Depot  
  59  5:22  SCV  
  59  5:23  Marine  
  61  5:29  Siege Tank  
  61  5:34  Supply Depot  
  61  5:35  Medivac  
  66  5:37  SCV  
  66  5:40  Bunker  
  66  5:41  SCV  
  66  5:42  Marine  
  69  5:46  Medivac  
  69  5:49  SCV  
  71  5:50  Marine x2  
  71  5:55  Supply Depot, SCV  
  74  6:01  Siege Tank, SCV  
  78  6:04  Marine x2  
  78  6:07  SCV  
  81  6:11  Medivac  
  81  6:13  SCV  
  81  6:16  Supply Depot, Medivac  
  81  6:17  Marine  
  87  6:21  Marine  
  87  6:24  Supply Depot, Marine  
  89  6:30  Marine  
  90  6:33  Siege Tank  
  90  6:35  Supply Depot  
  90  6:36  Marine  
  94  6:41  Supply Depot  
  94  6:45  Marine  
  94  6:46  Marauder  
  95  6:48  Marine  
  96  6:55  Marine  
  97  7:01  Medivac  
  97  7:03  Marine, Medivac  
  97  7:06  Marauder  
  97  7:08  Marine  
  105  7:18  Marine, Barracks  
  105  7:20  Barracks  
  106  7:23  Siege Tank  
  106  7:25  Concussive Shells  
  106  7:26  Marauder  
  111  7:30  Supply Depot, Marine  
  111  7:34  Marine  
  113  7:42  Marine  
  112  7:47  Marauder, Marine  
  115  7:52  Marine  
  116  8:00  Marine  
  112  8:05  Marine  
  112  8:10  Marine  
Show
View Real Time Build Order
Export as new Build Order

Zest Protoss - Winner!

Build Orders: Oracle Opening, Zealot Archon 

Get SALT Encoding   

  12  0:00  Probe  
  13  0:12  Probe  
  14  0:17  Pylon  
  14  0:24  Probe  
  15  0:32  Probe  
  15  0:38  Gateway  
  15  0:40  Probe  
  16  0:47  Assimilator  
  17  0:51  Probe  
  18  1:03  Probe  
  19  1:15  Probe  
  20  1:25  Cybernetics Core  
  20  1:27  Probe  
  20  1:28  Pylon  
  20  1:29  Zealot  
  23  1:46  Probe  
  24  1:52  Stalker  
  24  1:59  Probe  
  25  2:04  Nexus  
  27  2:09  Warp Gate  
  27  2:18  Assimilator  
  27  2:23  Stalker  
  29  2:31  Probe  
  30  2:39  Pylon  
  30  2:43  Probe  
  31  2:57  Probe  
  32  2:59  Robotics Facility  
  32  3:08  Probe  
  33  3:13  Sentry, Probe  
  33  3:15  Gateway  
  33  3:16  Probe  
  36  3:21  Probe  
  36  3:23  Gateway  
  36  3:24  Probe  
  38  3:31  Probe  
  40  3:34  Shield Battery  
  40  3:36  Probe  
  41  3:43  Probe  
  41  3:46  Observer  
  41  3:47  Oracle  
  41  3:48  Pylon, Probe  
  45  3:55  Probe  
  45  3:58  Pylon  
  45  4:00  Probe  
  46  4:04  Observer  
  46  4:07  Probe, Assimilator  
  48  4:11  Assimilator  
  48  4:16  Probe  
  49  4:20  Stalker x3  
  49  4:22  Probe  
  56  4:28  Twilight Council, Probe  
  57  4:34  Pylon  
  57  4:35  Probe  
  57  4:37  Warp Prism  
  58  4:40  Probe  
  58  4:44  Forge  
  61  4:55  Probe x2  
  61  4:56  Charge  
  63  5:06  Templar Archives  
  63  5:09  Protoss Ground Armor Level 1  
  63  5:16  Gateway  
  63  5:20  Gateway x2  
  63  5:23  Gateway  
  63  5:25  Gateway  
  63  5:30  Pylon  
  63  5:46  Observer  
  63  5:49  Pylon  
  63  5:51  Zealot x2  
  63  5:52  Zealot, Psionic Storm  
  63  5:56  Observer x2  
  70  6:12  High Templar x2  
  70  6:14  Nexus  
  70  6:18  Pylon  
  74  6:22  Probe x2  
  75  6:26  Zealot  
  75  6:28  High Templar  
  75  6:29  High Templar  
  81  6:33  Zealot  
  81  6:34  Zealot x2  
  81  6:35  Blink  
  87  6:53  Immortal  
  91  6:55  Observer  
  91  6:59  Zealot x4  
  97  7:21  Zealot x2  
  101  7:24  Pylon  
  101  7:25  Pylon  
  101  7:29  Zealot  
  103  7:32  Immortal  
  107  7:51  High Templar x2, Zealot x3  
  107  7:52  Zealot x3  
  123  7:58  Archon  
  121  8:06  Archon  
  109  8:16  Zealot x6  
  109  8:19  Archon  
  105  8:31  High Templar  
  105  8:32  High Templar  
Tags
 
Add a new tag
Caveats
  • Supply blocks, unpowered buildings, or Contaminate may cause inaccurate times.
  • Supply counts are checked every 10 seconds.